 Dungeon Crawl Stone Soup version 0.31.0-32-g396128a36d (webtiles) character file.

Game seed: 1068139320238623647

0 RKaid the Ruffian (level 1, 13/13 HPs)
             Began as an Octopode Shapeshifter on Mar 20, 2024.
             Quit the game on level 1 of the Dungeon.
             The game lasted 00:00:10 (24 turns).

RKaid the Ruffian (Octopode Shapeshifter)             Turns: 24, Time: 00:00:10

Health: 13/13      AC:  1    Str: 13    XL:     1   Next: 10%
Magic:  1/1        EV: 13    Int: 12    God:
Gold:   0          SH:  0    Dex: 11    Spells: 0/0 levels left

rFire   . .          .
                       - Unarmed
rCold   . . .        (no shield)
rNeg    . . .        (helmet currently unavailable)
rPois   .            (no amulet)
rElec   .            (no ring)
rCorr   .            (no ring)
SInv    +            (no ring)
Will    .....        (no ring)
Stlth   ++           (no ring)
HPRegen 0.22/turn    (no ring)
MPRegen 0.07/turn    (no ring)
                     (no ring)

%: no passive effects
@: beast-form
A: beast (slay +1), almost no armour, amphibious, 8 rings, camouflage 1,
gelatinous body 1, (nimble swimmer 1), tentacles
a: Begin Untransformation


You were on level 1 of the Dungeon.
You were a hulking beast.
You visited 1 branch of the dungeon, and saw 1 of its levels.

Inventory:

Talismans
 b - a beast talisman
 c - a flux talisman
Potions
 a - a potion of lignification {!q}


   Skills:
 + Level 1.0 Fighting
 + Level 2.0 Dodging
 + Level 3.0 Unarmed Combat
 + Level 3.0 Shapeshifting


You couldn't memorise any spells.
You didn't know any spells.
Your spell library was empty.

Dungeon Overview and Level Annotations

Branches:
Dungeon (1/15)

Altars:


Innate Abilities, Weirdness & Mutations

You are a hulking beast.
Your limbs bulge with bestial killing power. (Slay +1)
You cannot wear most types of armour.
You are amphibious.
You can wear up to eight rings at the same time.
Your skin changes colour to match your surroundings (Stealth+).
Your rubbery body absorbs attacks. (AC +1, EV +1)
((You are camouflaged when in or above water. (Stealth+)))
You have tentacles for arms and can constrict up to eight enemies at once.


Message History

Welcome, RKaid the Octopode Shapeshifter.
The breathtaking Orb of Zot lies far below, as if waiting for you to find it.
Press ? for a list of commands and other information.
Found a scroll labelled RYBBYG SANI.
Found a staircase leading out of the dungeon.
Unknown command.
A rat comes into view.
The rat squeaks loudly.
Found a stone staircase leading down.
The rat twitches its whiskers.
You tentacle-slap the rat but do no damage.
You grab the rat. You constrict the rat. The rat bites you but does no damage.
You tentacle-slap the rat but do no damage.
You constrict the rat. The rat closely misses you.
You barely miss the rat. You constrict the rat.
You kill the rat!
There is a staircase leading out of the dungeon here.
d - a scroll labelled RYBBYG SANI
As you read the scroll labelled RYBBYG SANI, it crumbles to dust.
You feel aware of your surroundings.
It was a scroll of revelation.
Are you sure you want to abandon this character and quit the game? (Confirm with "yes".)

,*#.*,**********##.*,,,********
,*#.,,,,,.....[.........,,,,,,*
,*#.############..###.##****,**
,*#..........###........,,,*,*
,*#..........###..#.#.##**,*,*
,*#..........###..#.#.## *,*,*
,*#........<..##..#.#.## *,*,*
........8.........#.#.## *,*,*
##.....♣.....###h...#.## *,*,*
#...........###.##.#.## *,*,*
#...........###.#..#.## *,*,*
#...........###.#..#.## *,*,*
*#..############.#..#.## *,*,*
,...* #######.#..#.##**,*,*
,,,,*****#######+#..#...,,,*,*
,,,,*,,,,...............,,**,*
**,,*,,,,,,,,,,,,,,******,**,*


There were no monsters in sight!

Vanquished Creatures
  A rat (D:1)
1 creature vanquished.

Notes
Turn   | Place    | Note
-------+----------+-------------------------------------------
     0 | D:1      | RKaid the Octopode Shapeshifter began the quest for the
                  | Orb.
     0 | D:1      | Reached XP level 1. HP: 13/13 MP: 1/1
    24 | D:1      | Quit the game

Illustrated notes

Levels and vault maps discovered:
D:1:      wander_arrival_lonely_grave, layout_basic

Action                     || total
---------------------------++-------
  Melee: Unarmed           ||     3
         Constrict         ||     1
    Use: Scroll            ||     1
 Armour: Skin              ||     1
  Dodge: Dodged            ||     1

Table legend: (Time is in decaauts)
 A = Elapsed time spent in this place.
 B = Non-inter-level travel time spent in this place.
 C = Inter-level travel time spent in this place.
 D = Time resting spent in this place.
 E = Time spent auto-exploring this place.
 F = Levels seen in this place.
 G = Mean time per level.
                   A        B        C        D        E       F      G
               +--------+--------+--------+--------+--------+-----+--------+
         Total |     23 |     23 |      0 |      0 |      0 |   1 |   23.0 |
       Dungeon |     23 |     23 |      0 |      0 |      0 |   1 |   23.0 |
               +--------+--------+--------+--------+--------+-----+--------+

Top non-repeatable levels by time:
     D:1: 23 daAuts

Table legend:
 A = Kills in this place as a percentage of kills in the entire game.
 B = Kills by you in this place as a percentage of kills by you in the entire game.
 C = Kills by friends in this place as a percentage of kills by friends in the entire game.
 D = Other kills in this place as a percentage of other kills in the entire game.
 E = Experience gained in this place as a percentage of experience gained in the entire game.
 F = Experience gained in this place divided by the number of levels of this place that you have seen.
                   A       B       C       D       E      F
               +-------+-------+-------+-------+-------+----------------------
         Total | 100.0 | 100.0 |   N/A |   N/A | 100.0 |   1.0
       Dungeon | 100.0 | 100.0 |   N/A |   N/A | 100.0 |   1.0
               +-------+-------+-------+-------+-------+----------------------
